 Dungeon Crawl Stone Soup version 0.20-a0-1089-g3fde505 (webtiles) character file.

1503 4thArraOfDagon the Martial Artist (level 8, -1/65 HPs)
             Began as a Barachi Monk on May 2, 2017.
             Was a Priest of Yredelemnul.
             Slain by an orc warrior
             ... wielding a +0 scimitar
              (22 damage)
             ... on level 7 of the Dungeon.
             The game lasted 00:13:41 (2838 turns).

4thArraOfDagon the Martial Artist (Barachi Monk)    Turns: 2838, Time: 00:13:42

Health: -1/65      AC:  7    Str: 14    XL:     8   Next: 82%
Magic:  10/10      EV: 13    Int: 13    God:    Yredelemnul [***...]
Gold:   433        SH:  0    Dex: 12    Spells: 7/7 levels left

rFire    . . .     SeeInvis +     - Unarmed
rCold    . . .     Gourm    .   (no shield)
rNeg     . . .     Faith    .   f - +0 ring mail (curse)
rPois    .         Spirit   .   x - +2 hat
rElec    .         Reflect  .   (no cloak)
rCorr    .         Harm     .   (no gloves)
MR       .....     Clarity  +   (no boots)
Stlth    +.........             (no amulet)
Regen    0.2/turn               r - -3 ring of dexterity (curse)
MPRegen  0.2/turn               B - ring of see invisible

@: injury mirror, slow
A: +LOS, swims, clarity, slowness 1, strong 1, wild magic 1, strong legs 1
a: Hop, Recall Undead Slaves, Injury Mirror, Animate Dead, Renounce Religion


You were on level 7 of the Dungeon.
You worshipped Yredelemnul.
Yredelemnul was most pleased with you.
You were not hungry.

You visited 1 branch of the dungeon, and saw 7 of its levels.
You also visited: Sewer and Ossuary.

You collected 433 gold pieces.

Inventory:

Hand Weapons
 h - a +1 hand axe of freezing
 l - a +0 short sword
Missiles
 j - 3 javelins of returning (quivered)
Armour
 a - a +0 robe
 f - a cursed +0 ring mail (worn)
 k - a +1 leather armour of magic resistance
 x - a +2 hat (worn)
Magical Staves
 c - an uncursed staff of air {unknown}
Jewellery
 r - a cursed -3 ring of dexterity (left hand)
 B - a ring of see invisible (right hand)
Wands
 y - a wand of confusion (2/48)
Scrolls
 n - a scroll of magic mapping
 o - 2 scrolls of immolation {unknown}
 q - 5 scrolls of teleportation
 t - a scroll of remove curse {unknown}
 v - a scroll of recharging {unknown}
 w - a scroll of noise {unknown}
 C - a scroll of enchant armour {unknown}
 D - 3 scrolls of blinking {unknown}
Potions
 d - 2 potions of might
 e - 3 potions of curing
 g - a potion of resistance
 m - 3 potions of cancellation
 u - a potion of brilliance
 A - 2 potions of flight
Comestibles
 b - 4 bread rations
 i - 4 fruits
 s - a royal jelly
 z - 2 meat rations
 E - a chunk of flesh


   Skills:
 + Level 6.8 Fighting
 + Level 6.3 Dodging
 - Level 1.7 Stealth
 * Level 8.2 Unarmed Combat
 + Level 3.7 Invocations


You had 7 spell levels left.
You didn't know any spells.

Dungeon Overview and Level Annotations

Branches:
Dungeon (7/15)
 Temple: D:4-7

Altars:
Dithmenos
Okawaru
Ru
Yredelemnul
Zin

Annotations:
D:2 Sigmund


Innate Abilities, Weirdness & Mutations

Shadows flee at your approach. (+LOS)
You can swim through water.
You cover ground slowly.
You can hop short distances.
You possess an exceptional clarity of mind.
Your muscles are strong. (Str +2)
Your spells are a little harder to cast, but a little more powerful.


Message History

Unknown command.
You feel better.
The spriggan baker hits you but does no damage.
Unknown command.
You closely miss the spriggan baker.
The spriggan baker is almost dead.
The spriggan baker hits you with a dagger!
Yredelemnul mirrors your injury!
You kill the spriggan baker!
Yredelemnul accepts your kill.
Unknown command.
Evoke which item? (* to show all) (? for menu, Esc to quit)
Aiming: Confuse
Press: ? - help, Shift-Dir - straight line, f - orc warrior
Aim: an orc warrior, wielding a scimitar and wearing a plate armour (chance to defeat MR: 46%)
The orc warrior resists with some effort.
This wand has 2 charges left.
The orc warrior hits you with a scimitar!!
You die...
Your body rises from the dead as a mindless zombie.

.(. # #.# ##.#
###.###...
#...##...#...
.#.#......#.# .....#.
#.((# ..#....#.##)###
.........##o#
.....#...##@########
...........(.......#
#.#................#
......#...........#
.....................#
......#.#............#
...........#.######...#
..............# ##.#
..............# .


You could see an orc warrior.

Vanquished Creatures
  A spriggan (D:7)
  3 ogres (D:5)
  A centaur (D:7)
  A big kobold (Sewer)
  A bullfrog (D:7)
  4 wights (D:6)
  3 howler monkeys
  2 crimson imps
  2 hounds
  2 orc priests
  A centaur skeleton (D:4)
  An iguana (D:6)
  2 orc wizards (D:5)
  2 worker ants
  8 mummies (Ossuary)
  A worker ant zombie (D:7)
  4 adders
  A shadow imp (D:5)
  An adder skeleton (D:5)
  A worm (D:4)
  9 leopard geckos
  19 orcs
  A ball python (D:5)
  3 giant cockroaches
  A gnoll zombie (Ossuary)
  3 goblins (D:3)
  5 hobgoblins
  8 jackals
  5 kobolds
  A quokka (D:6)
  4 bats
  2 frilled lizards
  A hobgoblin zombie (Ossuary)
  4 kobold zombies (Ossuary)
  A leopard gecko skeleton (D:6)
  2 orc zombies (Ossuary)
  A quokka skeleton (D:6)
  8 rats
120 creatures vanquished.

Notes
Turn   | Place    | Note
-------+----------+-------------------------------------------
     0 | D:1      | 4thArraOfDagon the Barachi Monk began the quest for the Orb.
     0 | D:1      | Reached XP level 1. HP: 18/18 MP: 1/1
   137 | D:1      | Reached XP level 2. HP: 16/25 MP: 2/2
   199 | D:2      | Noticed Sigmund
   242 | D:3      | Gained mutation: You possess an exceptional clarity of mind. [potion of mutation]
   242 | D:3      | Gained mutation: Your muscles are strong. (Str +2) [potion of mutation]
   242 | D:3      | Gained mutation: Your spells are a little harder to cast, but a little more powerful. [potion of mutation]
   359 | D:3      | Reached XP level 3. HP: 21/30 MP: 3/3
   375 | D:3      | Reached skill level 4 in Unarmed Combat
   614 | D:3      | Reached XP level 4. HP: 35/37 MP: 4/4
   708 | D:4      | Found a sand-covered staircase.
   920 | D:4      | Reached XP level 5. HP: 15/43 MP: 5/5
   934 | D:4      | Found a glowing silver altar of Zin.
   966 | D:5      | Entered Level 5 of the Dungeon
   999 | D:5      | Found a basalt altar of Yredelemnul.
  1005 | D:5      | Became a worshipper of Yredelemnul the Dark
  1005 | D:5      | Reached * piety under Yredelemnul
  1005 | D:5      | Reached ** piety under Yredelemnul
  1075 | Ossuary  | Entered an ossuary
  1122 | Ossuary  | Reached skill level 5 in Unarmed Combat
  1243 | Ossuary  | Reached XP level 6. HP: 49/50 MP: 6/6
  1254 | Ossuary  | Reached skill level 5 in Fighting
  1254 | Ossuary  | Reached skill level 1 in Invocations
  1527 | D:5      | Reached skill level 5 in Dodging
  1527 | D:5      | Reached skill level 6 in Unarmed Combat
  1527 | D:5      | Reached XP level 7. HP: 56/56 MP: 6/8
  1642 | D:5      | Found a sacrificial altar of Ru.
  1771 | D:5      | Found a shadowy altar of Dithmenos.
  1853 | D:5      | Found an iron altar of Okawaru.
  1969 | D:6      | Found a glowing drain.
  1979 | D:6      | Reached *** piety under Yredelemnul
  2004 | Sewer    | Entered a sewer
  2181 | Sewer    | Found a glowing silver altar of Zin.
  2314 | D:6      | Reached skill level 7 in Unarmed Combat
  2314 | D:6      | Reached XP level 8. HP: 45/64 MP: 10/10
  2810 | D:7      | Noticed a spriggan baker
  2826 | D:7      | Reached skill level 8 in Unarmed Combat
  2837 | D:7      | Killed a spriggan baker
  2838 | D:7      | Slain by an orc warrior

Vault maps used:
D:1:      elethiomel_arrival_shortcut, minmay_tree_intersection
D:2:      lemuel_doored_altar, dk_noncrumbling_3, uniq_sigmund
D:3:      kennysheep_the_goblin_king, first_bread
D:4:      kennysheep_mini_moat, serial_shops, shop, nicolae_ossuary_entry_plus
D:5:      lemuel_round_altar, nicolae_overflow_hidden_temple, kennysheep_mini,
          nicolae_ru_great_annihilating_truth, uniq_ijyb, uniq_duvessa
D:6:      portal_sewer_entry_f
D:7:      overflow_temple_1_default, minmay_temple_entry_enclosed_plants,
          serial_shops, shop, basic_altar, the_bakery
Sewer:    sewer_kobolds
Ossuary:  ossuary_tomb_3

Skill      XL: |  1  2  3  4  5  6  7  8 |
---------------+-------------------------+-----
Fighting       | 4 5 6 |  6.8
Unarmed Combat | 4 5 6 7 8 |  8.2
Dodging        | 4 5 6 |  6.3
Invocations    | 1 2 3 |  3.7
Stealth        | |  1.7

Action                   |  1- 3 |  4- 6 |  7- 9 || total
-------------------------+-------+-------+-------++-------
Melee: Unarmed           |   111 |   148 |   263 ||   522
       Punch             |     1 |     3 |    13 ||    17
Throw: Javelin           |       |    38 |    17 ||    55
Invok: Injury Mirror     |       |       |     1 ||     1
 Abil: Hop               |     1 |     1 |       ||     2
Evoke: Wand              |       |       |     1 ||     1
  Use: Potion            |     2 |     6 |     5 ||    13
       Scroll            |       |     3 |     6 ||     9
 Stab: Invisible         |     2 |     3 |       ||     5
       Sleeping          |     2 |       |       ||     2
  Eat: Chunk             |       |     1 |     5 ||     6
       Royal jelly       |       |     1 |       ||     1
Armor: Robe              |     6 |       |       ||     6
       Ring mail         |    13 |    19 |    63 ||    95
Dodge: Dodged            |    67 |    73 |   143 ||   283
